 Dungeon Crawl Stone Soup version 0.20-a0-472-g5c05303 (webtiles) character file.

6890 Ijustatesigmund the Destroyer (level 11, -10/97 HPs)
             Began as a Naga Wizard on Jan 14, 2017.
             Was a Believer of Ashenzari.
             Mangled by an orc warrior
             ... wielding a +0 mace
              (20 damage)
             ... on level 9 of the Dungeon.
             The game lasted 00:52:39 (12826 turns).

Ijustatesigmund the Destroyer (Naga Wizard)        Turns: 12826, Time: 00:52:40

Health: -10/97     AC: 11    Str: 10    XL:     11   Next: 6%
Magic:  1/22       EV: 10    Int: 19    God:    Ashenzari [**....]
Gold:   313        SH:  2    Dex: 12    Spells: 6/25 levels left

rFire  . . .     SeeInvis +     E - +1 flail (protect)
rCold  . . .     Gourm    .     a - +0 robe
rNeg   . . .     Faith    .     (no shield)
rPois  +         Spirit   .     L - +0 helmet
rElec  .         Reflect  +     l - +2 cloak (curse)
rCorr  .         Harm     .     s - +2 pair of gloves
MR     +....                    (no barding)
Stlth  +++.......               q - +2 amulet of reflection (curse)
                                (no ring)
                                (no ring)

@: slowed, repel missiles, very slow
A: see invisible, deformed body, poison resistance, slowness 2, slow metabolism
1, spit poison 1, AC +3
a: Spit Poison, Curse Item, Scrying, Renounce Religion


You were on level 9 of the Dungeon.
You worshipped Ashenzari.
Ashenzari was pleased with you.
You were not hungry.

You visited 2 branches of the dungeon, and saw 10 of its levels.
You also visited: Ossuary.

You collected 418 gold pieces.
You spent 105 gold pieces at shops.

Inventory:

Hand Weapons
 g - the +7 falchion of Tocoh {speed, +Rage}
   (You found it on level 9 of the Dungeon)

   Attacks with this weapon are significantly faster.
   It lets you go berserk.
 E - a +1 flail of protection (weapon)
Armour
 a - a +0 robe (worn)
 l - a cursed +2 cloak (worn)
 s - a +2 pair of gloves (worn)
 L - a +0 helmet (worn)
Jewellery
 q - a cursed +2 amulet of reflection (around neck)
 x - an uncursed amulet of faith
Wands
 k - a wand of flame (14/48)
 v - a wand of acid (4/15)
 A - a wand of flame (5/48)
 C - a wand of lightning (7/15)
 I - a wand of iceblast (0/15)
Scrolls
 b - a scroll of identify
 e - 3 scrolls of immolation
 i - a scroll of teleportation
 j - 3 scrolls of enchant weapon
 w - 2 scrolls of amnesia
Potions
 h - 2 potions of magic
 n - 4 potions of brilliance
 r - 5 potions of curing
 z - a potion of agility
 F - a potion of flight
 H - a potion of lignification
Books
 c - a book of Minor Magic

   Spells                             Type                      Level
   a - Magic Dart                     Conjuration                  1
   b - Blink                          Translocation                2
   c - Call Imp                       Summoning                    2
   d - Repel Missiles                 Charms/Air                   2
   e - Slow                           Hexes                        2
   f - Conjure Flame                  Conjuration/Fire             3
   g - Mephitic Cloud                 Conjuration/Poison/Air       3
 B - a book of Power

   Spells                             Type                      Level
   a - Fulminant Prism                Conjuration/Hexes            4
   b - Iskenderun's Mystic Blast      Conjuration                  4
   c - Venom Bolt                     Conjuration/Poison           5
   d - Bolt of Magma                  Conjuration/Fire/Earth       5
   e - Iron Shot                      Conjuration/Earth            6
   f - Orb of Destruction             Conjuration                  7
   g - Spellforged Servitor           Conjuration/Summoning        7
 G - a book of Necromancy

   Spells                             Type                      Level
   a - Pain                           Necromancy                   1
   b - Animate Skeleton               Necromancy                   1
   c - Vampiric Draining              Necromancy                   3
   d - Regeneration                   Charms/Necromancy            3
   e - Animate Dead                   Necromancy                   4
   f - Control Undead                 Necromancy                   4
Comestibles
 d - 4 bread rations
 f - 9 royal jellies


   Skills:
 + Level 6.1 Fighting
 + Level 5.4 Maces & Flails
 - Level 1.5 Dodging
 + Level 7.5 Stealth
 - Level 7.7 Spellcasting
 - Level 10.9 Conjurations
 - Level 2.2 Hexes
   Level 1.0 Summonings
 - Level 2.6 Translocations
 + Level 0.0 Fire Magic
 - Level 4.2 Air Magic
 - Level 4.5 Poison Magic


You had 6 spell levels left.
You knew the following spells:

 Your Spells              Type           Power        Failure   Level  Hunger
a - Magic Dart            Conj           ####         1%          1    None
b - Blink                 Tloc           N/A          6%          2    None
c - Repel Missiles        Chrm/Air       ###...       8%          2    None
d - Mephitic Cloud        Conj/Pois/Air  ####....     1%          3    #......
e - Conjure Flame         Conj/Fire      ####....     3%          3    #......
f - Iskenderun's Mystic   Conj           #####...     1%          4    ###....
g - Fulminant Prism       Conj/Hex       ####......   8%          4    ###....


Dungeon Overview and Level Annotations

Branches:
Dungeon (9/15)             Temple (1/1) D:4            Lair (0/6) D:8
    Orc: D:9-12

Altars:
Ashenzari
Cheibriados
Dithmenos
Elyvilon
Fedhas
Gozag
Hepliaklqana
Kikubaaqudgha
Makhleb
Nemelex Xobeh
Okawaru
Qazlal
Ru
Sif Muna
Trog
Uskayaw
Vehumet
Xom
Yredelemnul
Zin
The Shining One
Beogh

Shops:
D:7 *

Annotations:
D:9 Erolcha


Innate Abilities, Weirdness & Mutations

You cannot wear boots.
Your serpentine skin is tough. (AC +3)
You have supernaturally acute eyesight. (SInv)
Armour fits poorly on your strangely shaped body.
Your system is resistant to poisons. (rPois)
You cover ground very slowly.
You have a slow metabolism.
You can spit poison.


Message History

The orc shouts!
An orc warrior comes into view. It is wielding a mace.
The orc warrior shouts!
An orc comes into view. It is wielding a club.
The orc shouts!
An orc comes into view.
The orc shouts!
An orc comes into view.
Ashenzari warns you: It is wielding a club and wearing a leather armour of poison resistance.
The orc shouts!
An orc comes into view.
The orc shouts!
An orc comes into view. It is wielding a dagger.
The orc shouts!
An orc warrior comes into view. It is wielding a war axe.
The orc warrior shouts!
An orc wizard comes into view. It is wielding a dagger.
The orc wizard shouts!
The orc warrior hits you with a mace!!
You die...

..# ... ≈≈≈ ≈≈ ≈
#############+ ≈
..o.o........# ≈#
...o.oo......## ≈#
..o8..o......o. ≈#
..ooooo@.....# ≈#
.............#
≈#####################+
≈≈≈≈≈≈≈≈≈≈≈≈≈≈≈≈≈≈
≈≈≈≈≈≈≈≈≈≈≈≈≈≈≈≈≈≈
..................
..>.....####......
........# .####
........# #


You could see 2 orc warriors, an orc wizard and 10 orcs.

Vanquished Creatures
  A hydra (D:7)
  A two-headed ogre (D:8)
  A hippogriff (D:7)
  A wraith (D:8)
  Eustachio (D:6)
  Edmund (D:6)
  3 wargs (D:8)
  A water moccasin (D:8)
  4 orc warriors
  A phantom (D:6)
  2 sky beasts
  An ice beast (D:6)
  3 centaurs
  2 ogres (D:8)
  An elf zombie (Ossuary)
  3 elf skeletons (D:7)
  2 scorpions
  7 wights (D:6)
  4 howler monkeys
  2 centaur zombies (Ossuary)
  2 crimson imps
  4 human zombies
  5 jellies
  A bullfrog skeleton (D:9)
  4 hounds
  7 orc priests
  10 orc wizards
  Crazy Yiuf (D:3)
  Ijyb (D:3)
  A centaur skeleton (D:5)
  An iguana (D:6)
  2 human skeletons (D:7)
  6 worker ants
  2 hound zombies
  2 mummies (Ossuary)
  A howler monkey zombie (D:5)
  2 worker ant zombies
  21 adders
  5 shadow imps
  6 oozes
  3 adder zombies (Ossuary)
  An adder skeleton (D:4)
  3 worms
  2 dart slugs (D:2)
  5 leopard geckos
  55 orcs
  3 ball pythons
  7 giant cockroaches
  5 goblins
  5 hobgoblins
  13 jackals
  8 quokkas
  7 bats
  5 frilled lizards
  8 hobgoblin zombies (Ossuary)
  2 jackal skeletons
  A jackal zombie (D:6)
  12 kobolds
  9 kobold zombies (Ossuary)
  A leopard gecko skeleton (D:4)
  3 orc skeletons (D:7)
  10 orc zombies
  A quokka skeleton (D:5)
  6 rats
  3 rat zombies (Ossuary)
304 creatures vanquished.

Vanquished Creatures (others)
  A fulminant prism (D:6)
1 creature vanquished.

Grand Total: 305 creatures vanquished

Notes
Turn   | Place    | Note
-------+----------+-------------------------------------------
     0 | D:1      | Ijustatesigmund the Naga Wizard began the quest for the Orb.
     0 | D:1      | Reached XP level 1. HP: 15/15 MP: 4/4
    84 | D:1      | Reached XP level 2. HP: 14/22 MP: 1/6
   195 | D:1      | Learned a level 2 spell: Blink
   198 | D:1      | Learned a level 2 spell: Repel Missiles
   518 | D:1      | Reached skill level 2 in Conjurations
   935 | D:1      | Reached XP level 3. HP: 28/28 MP: 5/7
  1316 | D:2      | Reached skill level 3 in Conjurations
  1587 | D:2      | Reached XP level 4. HP: 29/36 MP: 1/9
  2518 | D:3      | Learned a level 3 spell: Mephitic Cloud
  2651 | D:3      | Reached XP level 5. HP: 42/42 MP: 4/10
  2711 | D:3      | Reached skill level 4 in Conjurations
  2821 | D:3      | Found a runed door.
  2825 | D:3      | Noticed Crazy Yiuf
  2841 | D:3      | Killed Crazy Yiuf
  2932 | D:3      | Found a stormy altar of Qazlal.
  3350 | D:3      | Reached XP level 6. HP: 49/49 MP: 0/12
  3617 | D:3      | Reached skill level 5 in Conjurations
  3806 | D:3      | Noticed Ijyb
  3827 | D:3      | Killed Ijyb
  4115 | D:4      | Found a staircase to the Ecumenical Temple.
  4123 | Temple   | Entered the Ecumenical Temple
  4263 | Temple   | Became a worshipper of Ashenzari the Shackled
  4757 | D:4      | Learned a level 3 spell: Conjure Flame
  5440 | D:5      | Entered Level 5 of the Dungeon
  5444 | D:5      | Reached XP level 7. HP: 55/55 MP: 9/14
  5468 | D:5      | Reached skill level 6 in Conjurations
  5519 | D:5      | Reached skill level 5 in Spellcasting
  5899 | D:5      | Reached skill level 10 in Conjurations
  5899 | D:5      | Reached XP level 8. HP: 76/76 MP: 14/19
  6211 | D:5      | Reached skill level 1 in Poison Magic
  6322 | D:6      | Noticed Edmund
  6462 | D:6      | Killed Edmund
  6462 | D:6      | Reached skill level 1 in Air Magic
  6462 | D:6      | Reached XP level 9. HP: 82/82 MP: 15/20
  6574 | D:6      | Found a runed door.
  6651 | D:6      | Reached skill level 1 in Maces & Flails
  6719 | D:6      | Found a roughly hewn altar of Beogh.
  7363 | D:6      | Learned a level 4 spell: Iskenderun's Mystic Blast
  7368 | D:6      | Learned a level 4 spell: Fulminant Prism
  7422 | D:6      | Noticed Eustachio
  7441 | D:6      | Killed Eustachio
  7563 | D:6      | Reached skill level 1 in Hexes
  8343 | D:7      | Noticed a six-headed hydra
  8351 | D:7      | Killed a six-headed hydra
  8351 | D:7      | Reached XP level 10. HP: 70/91 MP: 1/21
  8414 | D:7      | Reached * piety under Ashenzari
  8554 | D:7      | Found a sand-covered staircase.
  8564 | Ossuary  | Entered an ossuary
  9743 | D:7      | Found Nutexkum's General Store.
  9749 | D:7      | Bought a scroll of identify for 30 gold pieces
  9749 | D:7      | Bought a scroll of fog for 30 gold pieces
  9749 | D:7      | Bought a scroll of remove curse for 45 gold pieces
 10359 | D:7      | Reached skill level 5 in Stealth
 10559 | D:8      | Noticed a two-headed ogre
 10578 | D:8      | Killed a two-headed ogre
 11818 | D:8      | Reached skill level 5 in Maces & Flails
 12063 | D:8      | Found a staircase to the Lair.
 12151 | D:8      | Reached XP level 11. HP: 97/97 MP: 3/22
 12774 | D:9      | Got the falchion of Tocoh {speed, +Rage}
 12775 | D:9      | Identified the +7 falchion of Tocoh {speed, +Rage} (You found it on level 9 of the Dungeon)
 12782 | D:9      | Reached ** piety under Ashenzari
 12815 | D:9      | Noticed Erolcha
 12826 | D:9      | Mangled by an orc warrior

Vault maps used:
D:1:      scummos_arrival_simple_crosswalls, minmay_pentomino_q4
D:2:      minmay_kobold_bridge
D:3:      grunt_qazlal_sundering, uniq_iyjb, uniq_crazy_yiuf_cottage
D:4:      hangedman_decor_lopped
D:5:      first_bread, st_stairs_1
D:6:      gup_sewer_entry_bowl, lightli_church_of_beogh, uniq_edmund,
          uniq_eustachio
D:7:      nicolae_ossuary_entry_catacombs, serial_shops,
          nicolae_shop_behind_doors
D:8:      erik_lair_orcish_takeover, serial_park, serial_park_tiny_2,
          serial_park_avenue1, hangedman_little_slice_of_home,
          minmay_guarded_unrand_finisher
D:9:      erik_orc_2, uniq_erolcha, uniq_pikel
Temple:   roderic_octagonal_lattice_temple
Ossuary:  ossuary_tomb_1

Skill      XL: |  1  2  3  4  5  6  7  8  9 10 |
---------------+-------------------------------+-----
Conjurations   | 2 3 4 5 10 | 10.9
Spellcasting   | 4 7 |  7.7
Fighting       | 6 |  6.1
Poison Magic   | 1 4 |  4.5
Air Magic      | 1 4 |  4.2
Translocations | 2 |  2.6
Maces & Flails | 3 5 |  5.4
Hexes          | 2 |  2.2
Stealth        | 7 |  7.5
Dodging        | |  1.5
Summonings     | |  1.0

Action                   |  1- 3 |  4- 6 |  7- 9 | 10-12 || total
-------------------------+-------+-------+-------+-------++-------
Melee: Short sword       |    44 |       |       |       ||    44
       Whip              |     6 |    65 |    87 |       ||   158
       Dire flail        |       |       |   124 |       ||   124
       Flail             |       |       |    19 |   190 ||   209
Throw: Tomahawk          |       |       |     4 |       ||     4
 Cast: Magic Dart        |    67 |   229 |   153 |   272 ||   721
       Repel Missiles    |     1 |     1 |     1 |     2 ||     5
       Mephitic Cloud    |       |     1 |    12 |     2 ||    15
       Iskenderun's Myst |       |       |    19 |    33 ||    52
       Fulminant Prism   |       |       |     1 |       ||     1
       Blink             |       |       |       |     7 ||     7
Invok: Curse Item        |       |       |     1 |     1 ||     2
 Abil: Spit Poison       |       |     2 |     1 |       ||     3
Evoke: Wand              |       |       |     8 |    16 ||    24
  Use: Scroll            |     7 |     4 |     9 |     9 ||    29
       Potion            |       |       |     1 |     6 ||     7
 Stab: Sleeping          |     1 |     1 |     2 |     5 ||     9
       Confused          |       |       |     3 |     2 ||     5
  Eat: Chunk             |       |    11 |     7 |     3 ||    21
       Beef jerky        |       |       |     1 |     1 ||     2
       Bread ration      |       |       |       |     2 ||     2
       Royal jelly       |       |       |       |     1 ||     1
Armor: Robe              |    17 |    83 |   144 |   156 ||   400
Dodge: Dodged            |    42 |    96 |   145 |   140 ||   423
       Deflected         |     1 |       |     1 |     6 ||     8
Block: Other             |       |       |     3 |    21 ||    24
       Reflection        |       |       |       |     1 ||     1
